 Dungeon Crawl Stone Soup version 0.21-a0-186-g02e8684 (webtiles) character file.

12380 KarmaPolice the Slicer (level 11, -7/82 HPs)
             Began as a Vampire Gladiator on Aug 14, 2017.
             Was an Elder of Kikubaaqudgha.
             Shot with an arrow by a centaur (9 damage)
             ... on level 11 of the Dungeon.
             The game lasted 01:06:50 (24765 turns).

KarmaPolice the Slicer (Vampire Gladiator)         Turns: 24765, Time: 01:06:52

Health: -7/82      AC: 13    Str: 15    XL:     11   Next: 61%
Magic:  27/27      EV: 17    Int: 10    God:    Kikubaaqudgha [****..]
Gold:   459        SH:  0    Dex: 28    Spells: 3/19 levels left

rFire    . . .     SeeInvis +   w - +3 dagger (venom)
rCold    + + .     Gourm    .   (no shield)
rNeg     + + .     Faith    .   N - +2 leather armour of Jiujux {rPois rC+}
rPois    +         Spirit   .   K - +1 hat of Leaves {Dex+6}
rElec    .         Reflect  .   Z - +1 cloak
rCorr    .         Harm     .   J - +0 pair of gloves
MR       +....                  G - +2 pair of boots "Qixeczat" {Dex+4}
Stlth    +++.......             D - amulet of magic regeneration
HPRegen  0.11/turn              F - ring of magical power
MPRegen  0.45/turn              b - ring of wizardry

@: regenerating slowly
A: fangs 3, see invisible, unbreathing
a: Bat Form, Receive Corpses, Renounce Religion


You were on level 11 of the Dungeon.
You worshipped Kikubaaqudgha.
Kikubaaqudgha was greatly pleased with you.
You were very thirsty.

You visited 2 branches of the dungeon, and saw 12 of its levels.

You collected 627 gold pieces.
You spent 168 gold pieces at shops.

Inventory:

Hand Weapons
 a - a +0 long sword
 w - a +3 dagger of venom (weapon)
Missiles
 d - 3 throwing nets (quivered)
Armour
 o - a +0 buckler
 G - the +2 pair of boots "Qixeczat" (worn) {Dex+4}
   (You found it on level 7 of the Dungeon)

   It affects your dexterity (+4).
 J - a +0 pair of gloves (worn)
 K - the +1 hat of Leaves (worn) {Dex+6}
   (You found it on level 7 of the Dungeon)

   It affects your dexterity (+6).
 N - the +2 leather armour of Jiujux (worn) {rPois rC+}
   (You found it on level 8 of the Dungeon)

   It protects you from cold.
   It protects you from poison.
 Z - a +1 cloak (worn)
Jewellery
 b - a ring of wizardry (right hand)
 p - an uncursed ring of resist corrosion
 x - an uncursed ring of fire
 D - an amulet of magic regeneration (around neck)
 F - a ring of magical power (left hand)
 P - an uncursed ring of positive energy
Wands
 s - a wand of random effects (39/48)
 v - a wand of clouds (6/9)
 U - a wand of confusion (12/48)
 W - a wand of lightning (10/15)
 X - a wand of clouds (4/9)
Scrolls
 h - 4 scrolls of remove curse
 l - a scroll of silence
 m - 2 scrolls of teleportation
 n - a scroll of amnesia {unknown}
 u - a scroll of enchant weapon {unknown}
 y - 2 scrolls of immolation {unknown}
 z - 2 scrolls of fear {unknown}
 A - a scroll of blinking {unknown}
 B - 2 scrolls of magic mapping {unknown}
 L - a scroll of recharging {unknown}
 M - a scroll of holy word {unknown}
 O - 2 scrolls of fog
 S - 3 scrolls of identify
Potions
 c - a potion of lignification {unknown}
 e - 8 potions of blood
 f - 2 potions of haste
 g - 2 potions of degeneration {unknown}
 i - 2 potions of berserk rage {unknown}
 j - 2 potions of agility
 k - a potion of ambrosia {unknown}
 q - a potion of heal wounds
 r - 2 potions of curing
 t - 2 potions of mutation {unknown}
 H - a potion of brilliance {unknown}
 I - a potion of might
 V - a potion of magic {unknown}
 Y - a potion of flight {unknown}
Books
 C - a book of Maledictions

   Spells                             Type                      Level
   a - Corona                         Hexes                        1
   b - Ensorcelled Hibernation        Hexes/Ice                    2
   c - Confuse                        Hexes                        3
   d - Tukima's Dance                 Hexes                        3
   e - Dazzling Spray                 Conjuration/Hexes            3
 E - Kikubaaqudgha's Guide on Evil Rites
   (Kikubaaqudgha gifted it to you on level 6 of the Dungeon)

   Spells                             Type                      Level
   a - Pain                           Necromancy                   1
   b - Corpse Rot                     Necromancy                   2
   c - Sublimation of Blood           Necromancy                   2
   d - Vampiric Draining              Necromancy                   3
   e - Control Undead                 Necromancy                   4
 Q - Kikubaaqudgha's Incunabulum of Evil Magic
   (Kikubaaqudgha gifted it to you on level 9 of the Dungeon)

   Spells                             Type                      Level
   a - Animate Dead                   Necromancy                   4
   b - Agony                          Necromancy                   5
   c - Dispel Undead                  Necromancy                   5
   d - Simulacrum                     Ice/Necromancy               6
   e - Death Channel                  Necromancy                   6
 R - Sif Muna's Grimoire of Enchantment
   (You found it on level 9 of the Dungeon)

   Spells                             Type                      Level
   a - Confusing Touch                Hexes                        1
 T - a book of Air

   Spells                             Type                      Level
   a - Shock                          Conjuration/Air              1
   b - Swiftness                      Charms/Air                   2
   c - Static Discharge               Conjuration/Air              3
   d - Airstrike                      Air                          4
   e - Lightning Bolt                 Conjuration/Air              5


   Skills:
 - Level 6.3 Fighting
 - Level 9.7(11.3) Short Blades
 - Level 8.8(10.4) Long Blades
 - Level 1.5 Throwing
 - Level 5.3 Armour
 - Level 5.8 Dodging
 + Level 4.9 Spellcasting
 + Level 3.7 Hexes
 + Level 8.3 Necromancy


You had 3 spell levels left.
You knew the following spells:

 Your Spells              Type           Power        Failure   Level  Hunger
a - Control Undead        Necr           ###.......   3%          4    #####..
b - Dispel Undead         Necr           ###.....     10%         5    ######.
c - Animate Dead          Necr           N/A          3%          4    #####..
d - Tukima's Dance        Hex            #.......     8%          3    ###....


Dungeon Overview and Level Annotations

Branches:
Dungeon (11/15)            Temple (1/1) D:5            Lair (0/6) D:10
    Orc (0/2) D:11

Altars:
Ashenzari
Cheibriados
Dithmenos
Elyvilon
Gozag
Hepliaklqana
Kikubaaqudgha
Makhleb
Okawaru
Qazlal
Ru
Sif Muna
Trog
Uskayaw
Vehumet
Wu Jian
Xom
Yredelemnul
Zin
The Shining One
Lugonu

Shops:
D:4 *   D:6 }   D:9 !


Innate Abilities, Weirdness & Mutations

You heal slowly.
You have razor-sharp teeth.
You have supernaturally acute eyesight. (SInv)
You can survive without breathing.


Message History

You see here 4 arrows.
The centaur shoots an arrow.
The arrow hits you but does no damage.
The centaur shoots an arrow.
The arrow barely misses you.
The centaur shoots an arrow.
The arrow hits you.
There is a stone staircase leading up here.
You see here 13 arrows.
The centaur shoots an arrow.
The arrow hits you but does no damage.
The centaur shoots an arrow.
The arrow hits you!
The centaur shoots an arrow.
The arrow hits you!
* * * LOW HITPOINT WARNING * * *
The centaur shoots an arrow.
The arrow hits you.
* * * LOW HITPOINT WARNING * * *
The centaur shoots an arrow.
The arrow misses you.
The centaur shoots an arrow.
The arrow misses you.
The centaur shoots an arrow.
The arrow hits you!
* * * LOW HITPOINT WARNING * * *
The centaur shoots an arrow.
The arrow hits you.
* * * LOW HITPOINT WARNING * * *
The centaur shoots an arrow.
The arrow hits you!
You die...
Kikubaaqudgha rasps: "You have failed me!
Welcome... oblivion!"

#.# #..........#.. #.#
#..........#.. #.#
#............. #.#
#.............
#.###...>.........
#.#......#.#....#.
#.#.####.#.#.#####
#[#c#..#.#.#.#..o #
#@.c..)#.#.#.#.###
####>#c#>.((....(.(..(.
#.....(.(..c..(.(((.....
#..........###.#.######.
#..............#........
#.......................
#.......................
#######.#.######.######.
..#.# #.#


You could see 4 centaurs.

Vanquished Creatures
  A death knight (D:11)
  A skeletal warrior (D:11)
  Pikel (D:7)
  The ghost of cliffracer the Slasher, a novice BaAs (D:9)
  Maurice (D:11)
  2 trolls (D:9)
  A polar bear (D:7)
  A hornet (D:10)
  Prince Ribbit (D:7)
  2 hippogriffs (D:7)
  A spriggan (D:7)
  A wyvern (D:10)
  6 yaks
  A hungry ghost (D:7)
  A soldier ant (D:10)
  Duvessa (D:5)
  3 slaves
  An eye of draining (D:10)
  5 phantoms
  2 orc warriors
  A black bear (D:8)
  8 ice beasts
  4 wolves (D:8)
  3 ogres
  5 centaurs
  2 big kobolds
  6 bullfrogs
  A wyvern zombie (D:10)
  A scorpion (D:8)
  Dowan (D:5)
  17 killer bees
  9 wights (D:10)
  2 electric eels (D:8)
  4 howler monkeys
  2 jellies
  2 bullfrog zombies
  2 centaur zombies (D:6)
  3 crimson imps
  2 quasits
  8 hounds
  A bullfrog skeleton (D:4)
  3 centaur skeletons
  20 orc priests
  3 iguanas
  16 orc wizards
  9 worker ants
  A killer bee zombie (D:6)
  2 hound zombies
  A howler monkey zombie (D:6)
  10 gnolls
  22 adders
  A white imp (D:8)
  An adder zombie (D:8)
  An adder skeleton (D:4)
  6 worms
  4 dart slugs
  5 leopard geckos
  45 orcs
  9 bats
  8 giant cockroaches
  8 goblins
  2 hobgoblins (D:1)
  8 jackals
  8 quokkas
  4 frilled lizards
  16 kobolds
  A leopard gecko skeleton (D:6)
  7 rats
339 creatures vanquished.

Vanquished Creatures (others)
  A worker ant (D:7)
  3 plants (D:10)
4 creatures vanquished.

Grand Total: 343 creatures vanquished

Notes
Turn   | Place    | Note
-------+----------+-------------------------------------------
     0 | D:1      | KarmaPolice the Vampire Gladiator began the quest for the Orb.
     0 | D:1      | Reached XP level 1. HP: 16/16 MP: 1/1
   171 | D:1      | Reached XP level 2. HP: 17/22 MP: 2/2
   780 | D:1      | Reached XP level 3. HP: 28/28 MP: 3/3
  1052 | D:2      | Found a shattered altar of Ashenzari.
  1390 | D:2      | Found a glowing silver altar of Zin.
  1718 | D:3      | Found a shimmering altar of Xom.
  1783 | D:3      | Found an opulent altar of Gozag.
  1833 | D:3      | Reached XP level 4. HP: 29/34 MP: 4/4
  1884 | D:3      | Found a shattered altar of Ashenzari.
  2167 | D:3      | Found a shimmering altar of Xom.
  2167 | D:3      | Found a shimmering altar of Xom.
  2168 | D:3      | Found a shimmering altar of Xom.
  2168 | D:3      | Found a shimmering altar of Xom.
  2171 | D:3      | Found a shimmering altar of Xom.
  2171 | D:3      | Found a shimmering altar of Xom.
  2967 | D:4      | Reached XP level 5. HP: 24/41 MP: 5/5
  3139 | D:4      | Reached skill level 5 in Long Blades
  3387 | D:4      | Found Fiatienic's General Store.
  3833 | D:4      | Noticed a phantom
  4424 | D:4      | Noticed a phantom
  4882 | D:4      | Bought 3 scrolls of identify for 78 gold pieces
  4915 | D:5      | Entered Level 5 of the Dungeon
  4915 | D:5      | Noticed an ice beast
  4966 | D:4      | Noticed an ogre
  5011 | D:4      | Reached XP level 6. HP: 44/48 MP: 6/6
  5021 | D:4      | Reached skill level 1 in Short Blades
  6075 | D:4      | Reached skill level 2 in Short Blades
  6095 | D:4      | Reached XP level 7. HP: 21/55 MP: 7/7
  6560 | D:4      | Reached skill level 5 in Fighting
  6560 | D:4      | Reached skill level 3 in Short Blades
  7101 | D:4      | Found a snail-covered altar of Cheibriados.
  7410 | D:4      | Found a burning altar of Makhleb.
  7420 | D:4      | Reached skill level 4 in Short Blades
  7681 | D:5      | Noticed Dowan
  7685 | D:5      | Noticed Duvessa
  7690 | D:5      | Killed Dowan
  7931 | D:5      | Killed Duvessa
  7931 | D:5      | Reached XP level 8. HP: 58/63 MP: 8/8
  7998 | D:4      | Reached skill level 1 in Armour
  8159 | D:5      | Found a staircase to the Ecumenical Temple.
  8255 | Temple   | Entered the Ecumenical Temple
  8271 | Temple   | Became a worshipper of Kikubaaqudgha
  8641 | D:5      | Reached skill level 5 in Short Blades
  8867 | D:5      | Found an ornate altar of the Wu Jian Council.
  8872 | D:5      | Found a shadowy altar of Dithmenos.
 10210 | D:5      | Found a bloodstained altar of Trog.
 10210 | D:5      | Found an iron altar of Okawaru.
 10447 | D:6      | Found a stormy altar of Qazlal.
 10547 | D:6      | Found Yruc's Gadget Shop.
 11066 | D:6      | Reached * piety under Kikubaaqudgha
 11066 | D:6      | Identified Kikubaaqudgha's Guide on Evil Rites (Kikubaaqudgha gifted it to you on level 6 of the Dungeon)
 11066 | D:6      | Received a gift from Kikubaaqudgha
 11066 | D:6      | Reached XP level 9. HP: 56/70 MP: 9/9
 11079 | D:6      | Learned a level 4 spell: Control Undead
 11093 | D:6      | Found a glowing drain.
 11430 | D:6      | Reached skill level 1 in Necromancy
 11571 | D:6      | Reached skill level 6 in Short Blades
 11973 | D:6      | Found a basalt altar of Yredelemnul.
 13167 | D:7      | Got a pair of dazzling boots
 13176 | D:6      | Identified the +2 pair of boots "Qixeczat" {Dex+4} (You found it on level 7 of the Dungeon)
 13363 | D:7      | Found a glowing silver altar of Zin.
 13406 | D:7      | Got an ancient hat
 13417 | D:7      | Identified the +1 hat of Leaves {Dex+6} (You found it on level 7 of the Dungeon)
 13824 | D:7      | Noticed Pikel
 13947 | D:7      | Reached ** piety under Kikubaaqudgha
 13969 | D:7      | Noticed Prince Ribbit
 13984 | D:7      | Killed Prince Ribbit
 14617 | D:7      | Killed Pikel
 14617 | D:7      | Reached skill level 7 in Short Blades
 14738 | D:7      | Reached XP level 10. HP: 62/77 MP: 10/10
 15585 | D:8      | Reached skill level 5 in Necromancy
 15607 | D:7      | Reached skill level 5 in Armour
 16052 | D:7      | Reached skill level 8 in Short Blades
 16403 | D:8      | Reached skill level 5 in Dodging
 16437 | D:8      | Got a dazzling leather armour
 16478 | D:8      | Identified the +2 leather armour of Jiujux {rPois rC+} (You found it on level 8 of the Dungeon)
 16773 | D:8      | Reached skill level 1 in Spellcasting
 17158 | D:9      | Found a sacrificial altar of Ru.
 17502 | D:9      | Found Dufet's Distillery.
 17520 | D:9      | Found a deep blue altar of Sif Muna.
 17523 | D:9      | Bought a potion of heal wounds for 50 gold pieces
 17523 | D:9      | Bought a potion of might for 40 gold pieces
 17733 | D:9      | Identified Sif Muna's Grimoire of Enchantment
 17742 | D:9      | Reached *** piety under Kikubaaqudgha
 17742 | D:9      | Identified Kikubaaqudgha's Incunabulum of Evil Magic (Kikubaaqudgha gifted it to you on level 9 of the Dungeon)
 17742 | D:9      | Received a gift from Kikubaaqudgha
 17837 | D:9      | Noticed cliffracer's ghost (novice BaAs)
 18051 | D:8      | Learned a level 5 spell: Dispel Undead
 18056 | D:8      | Learned a level 4 spell: Animate Dead
 18821 | D:9      | Reached XP level 11. HP: 66/82 MP: 14/14
 19683 | D:9      | Killed cliffracer's ghost
 19683 | D:9      | Reached skill level 9 in Short Blades
 19967 | D:10     | Entered Level 10 of the Dungeon
 20021 | D:10     | Found a staircase to the Lair.
 23001 | D:11     | Learned a level 3 spell: Tukima's Dance
 23064 | D:11     | Noticed Maurice
 23075 | D:11     | Killed Maurice
 23075 | D:11     | Reached skill level 1 in Hexes
 23216 | D:11     | Noticed a skeletal warrior
 23216 | D:11     | Noticed a death knight
 23581 | D:11     | Killed a skeletal warrior
 23731 | D:11     | Noticed a skeletal warrior
 23740 | D:11     | Killed a death knight
 24226 | D:11     | Found a staircase to the Orcish Mines.
 24259 | D:11     | Noticed a death knight
 24705 | D:11     | Reached **** piety under Kikubaaqudgha
 24765 | D:11     | HP: 2/82 [centaur/arrow (4)]
 24765 | D:11     | Shot with an arrow by a centaur

Vault maps used:
D:1:      roderic_crop_circles_arrival_small, grunt_decor_resistance,
          minivault_26
D:2:      lemuel_coloured_pillars_altar, chequers_big_river, lemuel_tele_altar
D:3:      nicolae_xom_altar_mimics,
          nicolae_gozag_cash_rules_everything_around_me,
          cheibrodos_ashenzari_chains
D:4:      cheibriados_altar_1, serial_shops, kennysheep_mini_moat,
          makhleb_heckhound_becter
D:5:      grunt_temple_overflow_bloody_war, lemuel_round_altar,
          temple_fountains, first_bread, grunt_dithmenos_smoke, uniq_duvessa
D:6:      overflow_temple_1_default, kennysheep_little_box,
          gup_sewer_entry_glass, serial_shops, shop
D:7:      nicolae_overflow_hidden_temple, lemuel_doored_altar, the_bakery,
          uniq_prince_ribbit1, uniq_pikel
D:8:      serial_ice, serial_ice_b, serial_ice_n, serial_ice_j, serial_ice_d
D:9:      led_sif_book, nicolae_ru_path_of_blood, serial_shops, shop
D:10:     dpeg_oklobed_lair, statue_in_the_mist_lemuel, due_unseen_surprise
D:11:     cheibrodos_tormentor_scu, uniq_maurice, uniq_fannar, uniq_erica
Temple:   corrupted_temple

Skill      XL: |  1  2  3  4  5  6  7  8  9 10 11 |
---------------+----------------------------------+-----
Fighting       | 2 3 4 5 6 |  6.3
Long Blades    | 4 5 6 7 8 |  8.8
Short Blades   | 2 4 5 7 8 9 |  9.7
Armour         | 2 4 5 |  5.3
Necromancy     | 4 6 8 |  8.3
Dodging        | 5 |  5.8
Spellcasting   | 2 4 |  4.9
Hexes          | 3 |  3.7
Throwing       | |  1.5

Action                   |  1- 3 |  4- 6 |  7- 9 | 10-12 || total
-------------------------+-------+-------+-------+-------++-------
Melee: Long sword        |   118 |   114 |       |       ||   232
       Bite              |    13 |    35 |    91 |   199 ||   338
       Dagger            |       |   129 |   637 |   874 ||  1640
       Unarmed           |       |       |     3 |       ||     3
 Cast: Dispel Undead     |       |       |       |     8 ||     8
       Tukima's Dance    |       |       |       |     5 ||     5
 Abil: End Transformatio |     1 |     4 |     7 |    15 ||    27
       Bat Form          |     1 |     4 |     7 |    15 ||    27
Evoke: Wand              |       |       |       |     3 ||     3
  Use: Potion            |       |     4 |    10 |    20 ||    34
       Scroll            |       |     4 |     6 |     1 ||    11
 Stab: Sleeping          |     3 |     1 |     7 |     6 ||    17
       Distracted        |       |     1 |     2 |     1 ||     4
       Confused          |       |       |       |     5 ||     5
  Eat: Corpse            |     1 |     5 |     7 |     1 ||    14
Armor: Leather armour    |    30 |    34 |    78 |   151 ||   293
Dodge: Dodged            |   101 |   144 |   282 |   447 ||   974
       Rpst.: Long sword |    31 |    29 |       |       ||    60
